 Dungeon Crawl Stone Soup version 0.17-a0-1778-gd369669 (webtiles) character file.

73691 dorian the Severer (level 15, -2/128 HPs)
             Began as a Minotaur Fighter on Sept 7, 2015.
             Was an Elder of Ru.
             Slain by an ettin
             ... wielding a +1 dire flail of crushing
              (4 damage)
             ... on level 4 of the Orcish Mines on Sept 8, 2015.
             The game lasted 01:00:37 (26396 turns).

dorian the Severer (Minotaur Fighter)              Turns: 26396, Time: 01:00:38

Health: -2/128     AC: 28    Str: 26    XL:     15   Next: 4%
Magic:  14/14      EV:  8    Int: -2 (5) God:    Ru [****..]
Gold:   1886       SH: 16    Dex:  6    Spells: 0 memorised, 14 levels left

rFire  . . .     SeeInvis .     P - +2 war axe (flame)
rCold  + . .     Clarity  .     O - +1 plate armour
rNeg   + + .     SustAt   .     J - +2 shield {reflect}
rPois  +         Gourm    .     L - +0 hat of Hairiness {rC+ rN++}
rElec  .         Spirit   .     B - +2 cloak of Hide-and-Seek {Regen+ Dex-5 Stlth+}
rCorr  .         Warding  .     k - +0 pair of gloves
rMut   .         Stasis   .     H - +0 pair of boots
MR     +....                    D - amulet of regeneration
Stlth  ..........               I - +3 ring of protection
                                w - ring of poison resistance

@: lethally poisoned (-2 -> -2), exhausted, slowed, lost intelligence, drained,
very slow, somewhat resistant to hostile enchantments, extremely unstealthy
A: retaliatory headbutt, horns 2, no stealth, inability to use devices, hated by
all
a: Sacrifice Words, Sacrifice Health, Sacrifice Courage, Reject Sacrifices, Draw
Out Power, Power Leap, Renounce Religion


You were on level 4 of the Orcish Mines.
You worshipped Ru.
Ru was greatly pleased with you.
You were not hungry.

You visited 4 branches of the dungeon, and saw 23 of its levels.

You collected 1886 gold pieces.

Inventory:

Hand weapons
 M - a +2 demon whip of freezing
 P - a +2 war axe of flaming (weapon)
 U - a +0 broad axe
Missiles
 b - 11 poisoned tomahawks
 c - 4 silver tomahawks
 f - 7 steel tomahawks (quivered)
 o - 6 javelins
 u - 37 tomahawks
Armour
 k - a +0 pair of gloves (worn)
 B - the +2 cloak of Hide-and-Seek (worn) {Regen+ Dex-5 Stlth+}
   (You found it on level 7 of the Lair of Beasts)

   It affects your dexterity (-5).
   It increases your rate of regeneration.
   It makes you more stealthy.
 H - a +0 pair of boots (worn)
 J - a +2 shield of reflection (worn)
 L - the +0 hat of Hairiness (worn) {rC+ rN++}
   (You found it on level 6 of the Dungeon)

   It protects you from cold.
   It greatly protects you from negative energy.
 O - a +1 plate armour (worn)
Jewellery
 a - an uncursed ring of ice
 l - an uncursed amulet of resist mutation
 w - a ring of poison resistance (left hand)
 D - an amulet of regeneration (around neck)
 E - an uncursed ring of see invisible
 I - a +3 ring of protection (right hand)
Scrolls
 h - a scroll of blinking
 i - 3 scrolls of fear
 j - 11 scrolls of identify
 n - 5 scrolls of teleportation
 v - 6 scrolls of remove curse
 y - a scroll of fog
Potions
 d - 3 potions of curing
 e - 2 potions of ambrosia
 m - a potion of resistance
 s - 4 potions of heal wounds
 z - 3 potions of agility
Comestibles
 g - a chunk of flesh
 G - 3 beef jerkies
 T - 12 fruits
 V - 5 royal jellies


   Skills:
 + Level 10.9(10.5) Fighting
 + Level 20.6(20.0) Axes
 + Level 15.8(15.3) Armour
 + Level 15.9(15.4) Shields


You had 14 spell levels left.
You didn't know any spells.

Dungeon Overview and Level Annotations

Branches:
Dungeon (10/15)            Temple (1/1) D:5            Lair (8/8) D:10
 Shoals (0/4) Lair:6       Spider (0/4) Lair:4          Orc (4/4) D:9
  Slime: Lair:6-8       Elf: Orc:3-4

Altars:
Ashenzari
Cheibriados
Dithmenos
Elyvilon
Fedhas
Gozag
Kikubaaqudgha
Makhleb
Nemelex Xobeh
Okawaru
Qazlal
Ru
Sif Muna
Trog
Vehumet
Xom
Yredelemnul
Zin
The Shining One
Beogh

Annotations:
Lair:3 exclusion: oklob plant
Lair:7 exclusion: 2 oklob plants
Lair:8 1 runed door


Innate Abilities, Weirdness & Mutations

You reflexively headbutt those who attack you in melee.
You have a pair of horns on your head.
You cannot be stealthy.
You cannot study or use magical devices.
You are hated by all.


Message History

Use which ability?
You are restored by drawing out deep reserves of power within.
You feel drained.
You feel sick. You block the orc's attack. You block the orc priest's attack.
You redirect the ettin's attack!
The ettin barely misses itself.
The ettin hits itself with a dire flail of crushing!!
The orc barely misses you.
Drink which item? (? for menu, Esc to quit)
Okay, then.
You block the orc priest's attack. The ettin barely misses you.
The ettin hits you but does no damage.
The orc priest hits you but does no damage.
You are more poisoned.
The ettin hits you with a dire flail of crushing!!
* * * LOW HITPOINT WARNING * * *
x2 You focus your will and blind the ettin in retribution!
The ettin hits you with a dire flail of crushing!!
* * * LOW HITPOINT WARNING * * *
You die...

#...#.###
...#....##
.........##
..........##
...#.......##
..(.........## .
.......().(..#...
........Co)......
.......o)@.......
.............#.#.
#.............#
.................
.................
..#..............
...............
...........###.


You could see an ettin (blind), an orc priest and an orc.

Vanquished Creatures
  5 hydras
  Fannar (Orc:1)
  The ghost of WhatIsLove the Quickloader, a powerful CeHu of Okawaru (D:10)
  Erolcha (Orc:1)
  Erica (D:8)
  13 death yaks
  Urug (Lair:4)
  Sonja (Lair:4)
  A fire crab (Lair:8)
  A flayed ghost (D:8)
  The ghost of ololoev the Cudgeler, an experienced DrSk of Vehumet (D:8)
  An orb spider (Lair:4)
  3 griffons
  2 lindwurms (Lair:8)
  A manticore (Lair:6)
  An orc sorcerer (Orc:3)
  An orc knight (Orc:2)
  15 elephants
  10 black mambas
  8 torpor snails (Lair:8)
  20 spiny frogs
  9 komodo dragons
  7 fire drakes
  A two-headed ogre (Orc:2)
  2 giant leeches (Lair:8)
  2 polar bears
  A queen bee (D:10)
  3 trolls
  19 blink frogs
  Sigmund (D:6)
  5 wraiths
  A shadow (D:8)
  A hungry ghost (D:9)
  6 basilisks
  53 yaks
  2 fire bats (D:8)
  11 hippogriffs
  Grum (D:8)
  5 wargs
  17 wolves
  21 water moccasins
  10 porcupines
  15 orc warriors
  A phantom (D:10)
  4 sky beasts
  5 wasps (Lair:8)
  3 black bears
  2 centaurs
  5 ogres
  18 crocodiles
  20 giant frogs
  5 brain worms (Lair:8)
  A gnoll sergeant (D:8)
  31 killer bees
  8 wights
  An electric eel (Lair:4)
  A centaur zombie (D:8)
  A crimson imp (D:8)
  A giant frog zombie (D:8)
  A quasit (D:6)
  21 orc priests
  2 centaur skeletons
  2 giant frog skeletons
  2 jellies
  6 hounds
  8 iguanas
  23 orc wizards
  7 worker ants
  24 sheep
  49 river rats
  11 adders
  16 gnolls
  A shadow imp (D:7)
  4 oozes
  4 adder zombies
  13 worms
  3 giant geckos
  138 orcs
  A ball python (D:2)
  6 giant cockroaches
  7 goblins
  7 hobgoblins
  9 jackals
  3 quokkas
  12 bats
  A giant gecko skeleton (D:5)
  4 giant newts
  5 kobolds
  A quokka skeleton (D:8)
  9 rats
  11 fungi
  2 plants
802 creatures vanquished.

Vanquished Creatures (others)
  A hydra (Lair:7)
  An elephant (Lair:6)
  A blink frog (Lair:5)
  A crocodile (Lair:2)
  A worm (Lair:8)
  2 orcs
  5 bushes (Lair:8)
  52 fungi
  51 plants
115 creatures vanquished.

Grand Total: 917 creatures vanquished

Notes
Turn   | Place    | Note
--------------------------------------------------------------
     0 | D:1      | dorian the Minotaur Fighter began the quest for the Orb.
     0 | D:1      | Reached XP level 1. HP: 19/19 MP: 0/0
   402 | D:2      | Reached XP level 2. HP: 26/26 MP: 1/1
   424 | D:2      | Reached skill level 4 in Shields
   512 | D:2      | Found a white marble altar of Elyvilon.
   598 | D:2      | Reached XP level 3. HP: 31/31 MP: 2/2
   873 | D:2      | Found a bloodstained altar of Trog.
  1107 | D:3      | Reached XP level 4. HP: 39/39 MP: 3/3
  1741 | D:4      | Reached XP level 5. HP: 34/45 MP: 4/4
  1771 | D:4      | Reached skill level 5 in Shields
  1969 | D:4      | Reached skill level 5 in Axes
  1984 | D:4      | Reached skill level 5 in Armour
  2328 | D:4      | Reached XP level 6. HP: 49/51 MP: 5/5
  2374 | D:4      | Noticed a giant frog
  2383 | D:4      | Killed a giant frog
  2569 | D:5      | Entered Level 5 of the Dungeon
  2606 | D:5      | Reached skill level 6 in Axes
  2790 | D:5      | Found a staircase to the Ecumenical Temple.
  2799 | Temple   | Entered the Ecumenical Temple
  3143 | D:5      | You fall through a shaft!
  3204 | D:6      | Reached XP level 7. HP: 54/57 MP: 6/6
  3344 | D:5      | Reached skill level 7 in Axes
  3500 | D:6      | Noticed Sigmund
  3516 | D:6      | Killed Sigmund
  3546 | D:6      | Reached skill level 8 in Axes
  3582 | D:6      | Reached XP level 8. HP: 59/64 MP: 7/7
  3804 | D:6      | Got a jewelled hat
  3810 | D:6      | Identified the +0 hat of Hairiness {rC+ rN++} (You found it on level 6 of the Dungeon)
  3856 | D:6      | Found a sacrificial altar of Ru.
  3856 | D:6      | Found an iron altar of Okawaru.
  3861 | D:6      | Became a worshipper of Ru the Awakened
  4104 | D:7      | Reached skill level 9 in Axes
  4550 | D:7      | Reached skill level 10 in Axes
  4550 | D:7      | Reached XP level 9. HP: 38/70 MP: 8/8
  5180 | D:7      | Reached skill level 11 in Axes
  5327 | D:7      | Gained mutation: You are hated by all. [Ru sacrifice]
  5327 | D:7      | Acquired Ru's first power
  5704 | D:8      | Noticed ololoev's ghost (experienced DrSk)
  5705 | D:8      | Noticed Erica
  5764 | D:8      | Killed ololoev's ghost
  5832 | D:8      | Killed Erica
  5832 | D:8      | Reached skill level 12 in Axes
  5832 | D:8      | Reached XP level 10. HP: 53/77 MP: 9/9
  5977 | D:8      | Found a bloodstained altar of Trog.
  5999 | D:8      | Found a runed door.
  6010 | D:8      | Reached skill level 10 in Armour
  6033 | D:8      | Found a sparkling altar of Nemelex Xobeh.
  6064 | D:8      | Found a burning altar of Makhleb.
  6099 | D:8      | Found a shadowy altar of Dithmenos.
  6112 | D:8      | Found an iron altar of Okawaru.
  6143 | D:8      | Found an iron altar of Okawaru.
  6232 | D:8      | Reached skill level 10 in Shields
  6248 | D:8      | Noticed a flayed ghost
  6269 | D:8      | Killed a flayed ghost
  6269 | D:8      | Reached skill level 13 in Axes
  6496 | D:8      | Found a basalt altar of Yredelemnul.
  6496 | D:8      | Found a shattered altar of Ashenzari.
  6496 | D:8      | Found a shadowy altar of Dithmenos.
  6651 | D:8      | Noticed Grum
  6693 | D:8      | Killed Grum
  7080 | D:8      | Upgraded the game from 0.17-a0-1769-g54adf96 to 0.17-a0-1778-gd369669
  7158 | D:9      | Reached XP level 11. HP: 67/82 MP: 10/10
  7185 | D:9      | Got an ancient spear
  7201 | D:9      | Gained mutation: You cannot study or use magical devices. [Ru sacrifice]
  7201 | D:9      | Acquired Ru's second power
  7201 | D:9      | Acquired Ru's third power
  7201 | D:9      | Acquired Ru's fourth power
  7369 | D:9      | Reached skill level 14 in Axes
  7582 | D:9      | Found a staircase to the Orcish Mines.
  7796 | D:10     | Entered Level 10 of the Dungeon
  8416 | D:10     | Noticed WhatIsLove's ghost (powerful CeHu)
  8477 | D:10     | Killed WhatIsLove's ghost
  8849 | D:10     | Found a staircase to the Lair.
  8938 | D:10     | Reached skill level 15 in Axes
  8991 | Lair:1   | Entered Level 1 of the Lair of Beasts
  9913 | Lair:2   | Reached XP level 12. HP: 90/90 MP: 11/11
  9956 | Lair:2   | Noticed a seven-headed hydra
  9969 | Lair:2   | Killed a three-headed hydra
 10784 | Lair:3   | Reached skill level 16 in Axes
 11057 | Lair:3   | Found a shimmering altar of Xom.
 12148 | Lair:4   | Reached skill level 17 in Axes
 12255 | Lair:4   | Found a hole to the Spider Nest.
 12259 | Lair:4   | Noticed an eight-headed hydra
 12266 | Lair:4   | Killed a two-headed hydra
 12531 | Lair:4   | Found a dark tunnel.
 12735 | Lair:4   | Noticed Sonja
 12757 | Lair:4   | Killed Sonja
 13242 | Lair:4   | Noticed Urug
 13264 | Lair:4   | Killed Urug
 13264 | Lair:4   | Reached skill level 5 in Fighting
 13711 | Lair:5   | Reached XP level 13. HP: 81/100 MP: 12/12
 14870 | Lair:6   | Found a staircase to the Shoals.
 14882 | Lair:6   | Reached skill level 18 in Axes
 16667 | Lair:7   | Reached skill level 19 in Axes
 16670 | Lair:7   | Gained mutation: You cannot be stealthy. [Ru sacrifice]
 16773 | Lair:7   | Got a bloodstained cloak
 16868 | Lair:7   | Identified the +2 cloak of Hide-and-Seek {Regen+ Dex-5 Stlth+} (You found it on level 7 of the Lair of Beasts)
 17697 | Lair:8   | Entered Level 8 of the Lair of Beasts
 17727 | Lair:8   | Reached XP level 14. HP: 109/116 MP: 13/13
 17781 | Lair:8   | Found a snail-covered altar of Cheibriados.
 18059 | Lair:8   | Reached skill level 15 in Armour
 18093 | Lair:8   | Reached skill level 15 in Shields
 18436 | Lair:8   | Found a runed door.
 18506 | Lair:8   | Reached skill level 20 in Axes
 18521 | Lair:8   | Lost intelligence.
 18835 | Lair:8   | Reached skill level 10 in Fighting
 24610 | Orc:1    | Entered Level 1 of the Orcish Mines
 25067 | Orc:1    | Noticed Erolcha
 25072 | Orc:1    | Killed Erolcha
 25149 | Orc:1    | Noticed Fannar
 25178 | Orc:1    | Killed Fannar
 25262 | Orc:1    | Found a roughly hewn altar of Beogh.
 25475 | Orc:2    | Reached XP level 15. HP: 125/128 MP: 14/14
 26136 | Orc:3    | Found a burning altar of Makhleb.
 26322 | Orc:3    | Paralysed by an orc sorcerer for 7 turns
 26383 | Orc:4    | Entered Level 4 of the Orcish Mines
 26396 | Orc:4    | HP: 2/128 [ettin/dire flail of crushing (20)]
 26396 | Orc:4    | Slain by an ettin

Vault maps used:
D:1:      sevenhm_arrival_forest_fort_small_6
D:2:      elyvilon_altar_3, lightli_temple_of_fire
D:4:      first_bread
D:5:      minmay_temple_entry_poolview
D:6:      gammafunk_temple_overflow_statue, uniq_sigmund
D:7:      grunt_ogre_cave, kennysheep_small_square
D:8:      due_megacathedral, gammafunk_temple_overflow_forgotten, uniq_erica,
          uniq_grum
D:9:      minmay_orc_entry_guard_dogs, serial_glass, glass_columns_a,
          glass_columns_b, glass_columns_a
D:10:     lair_0_dummy, serial_column_ruins, column_ruins_hut_ruined,
          column_ruins_corridor_dead_end, column_ruins_grid_1,
          column_ruins_open_small, column_ruins_open_medium,
          column_ruins_columns_straight, special_room
Temple:   eino_temple_water_12
Lair:1:   st_stairs_11, bh_autumn_forest_stairs
Lair:3:   lemuel_oklob_altar
Lair:4:   nicolae_spider_entry_orb_guardian, lightli_volcano_entry_magma_tube,
          wad_woods_river_03, serial_bayou_shore_b, uniq_urug, uniq_sonja
Lair:5:   grunt_megastairs_2, infiniplex_staircase_pool_2
Lair:6:   minmay_shoals_entry_beasts
Lair:7:   beast_lair_carwin_large_2, minmay_slime_entry_oklob_enclosed,
          minmay_lair_oklob_bushes
Lair:8:   wormcave, kennysheep_snail_temple, grunt_megastairs_4
Orc:1:    nicolae_orc_accident_2, uniq_erolcha, uniq_fannar
Orc:3:    basic_altar, nicolae_orc_pool_cavern
Orc:4:    pf_orc_diabolical, serial_shops, shop, mines2_david, uniq_snorg

Action                   |  1- 3 |  4- 6 |  7- 9 | 10-12 | 13-15 || total
-------------------------+-------+-------+-------+-------+-------++-------
Melee: War axe           |    65 |   195 |   279 |   965 |  1147 ||  2651
Invok: Sacrifice Love    |       |       |     1 |       |       ||     1
       Reject Sacrifices |       |       |       |     2 |     1 ||     3
       Sacrifice Artific |       |       |       |     1 |       ||     1
       Sacrifice Stealth |       |       |       |       |     1 ||     1
       Draw Out Power    |       |       |       |       |     1 ||     1
  Use: Scroll            |       |       |    11 |    10 |     7 ||    28
       Potion            |       |       |    10 |     3 |     2 ||    15
 Stab: Distracted        |       |       |       |     5 |     4 ||     9
       Invisible         |       |       |       |     3 |     7 ||    10
  Eat: Chunk             |       |     7 |     9 |    29 |    23 ||    68
       Beef jerky        |       |       |       |     2 |     6 ||     8
       Pizza             |       |       |       |     1 |       ||     1
       Royal jelly       |       |       |       |     1 |       ||     1
       Meat ration       |       |       |       |       |     3 ||     3
       Fruit             |       |       |       |       |     1 ||     1
